 Dungeon Crawl Stone Soup version 0.23.2-1-ga50397a6bc (webtiles) character file.

Game seed: 559917562269878221

121 Elkator the Charmwright (level 5, -1/40 HPs)
             Began as a Barachi Skald on May 26, 2019.
             Killed by divine providence
             ... invoked by an orc priest
              (11 damage)
             ... on level 3 of the Dungeon.
             The game lasted 00:22:28 (1741 turns).

Elkator the Charmwright (Barachi Skald)             Turns: 1741, Time: 00:22:34

Health: -1/40      AC:  4    Str: 12    XL:     5   Next: 5%
Magic:  8/9        EV: 12    Int: 15    God:
Gold:   89         SH:  0    Dex: 11    Spells: 6/9 levels left

rFire    . . .     SeeInvis .   a - +0 falchion
rCold    . . .     Gourm    .   (no shield)
rNeg     + . .     Faith    .   m - +1 leather armour {rN+}
rPois    .         Spirit   .   (no helmet)
rElec    .         Reflect  .   (no cloak)
rCorr    .         Harm     .   (no gloves)
MR       .....                  (no boots)
Stlth    +.........             n - amulet of regeneration
HPRegen  0.53/turn              (no ring)
MPRegen  0.11/turn              (no ring)

@: lethally poisoned (-1 -> -2), singing, slow
A: +LOS, swims, slowness 1, strong legs 1
a: Hop


You were on level 3 of the Dungeon.
You were hungry.

You visited 1 branch of the dungeon, and saw 3 of its levels.

You collected 89 gold pieces.

Inventory:

Hand Weapons
 a - a +0 falchion (weapon)
Armour
 j - a +0 chain mail
 m - a +1 leather armour of positive energy (worn)
Jewellery
 n - an amulet of regeneration (around neck)
Scrolls
 b - a scroll of remove curse
 g - a scroll of fear {unknown}
 h - a scroll of teleportation {unknown}
 l - a scroll of magic mapping {unknown}
Potions
 c - a potion of flight {unknown}
 e - 2 potions of ambrosia
 f - 2 potions of haste
 i - a potion of heal wounds
Comestibles
 d - 4 rations
 k - 5 chunks of flesh


   Skills:
 + Level 2.8 Fighting
 + Level 3.7 Long Blades
 * Level 2.4 Armour
 + Level 2.6 Dodging
 + Level 2.6 Spellcasting
 * Level 4.2 Charms


You had 6 spell levels left.
You knew the following spells:

 Your Spells              Type           Power        Failure   Level  Hunger
a - Infusion              Chrm           ##..         4%          1    #......
b - Song of Slaying       Chrm           ##......     7%          2    ##.....

Your spell library contained the following spells:

 Spells                   Type           Power        Failure   Level  Hunger
 Shroud of Golubria       Chrm/Tloc      #.........   17%         2    ##.....
 Regeneration             Chrm/Necr      #.........   32%         3    ###....
 Spectral Weapon          Hex/Chrm       #.......     32%         3    ###....


Dungeon Overview and Level Annotations

Branches:
Dungeon (3/15)

Altars:

Annotations:
D:3 3 runed translucent doors, Thantalas's ghost, amateur MiBe


Innate Abilities, Weirdness & Mutations

Shadows flee at your approach. (+LOS)
You can swim through water.
You cover ground slowly.
You can hop short distances.


Message History

The orc shouts!
Something hits you but does no damage.
The orc priest calls down the wrath of Beogh upon you.
Beogh smites you! The adder bites you.
You are more poisoned.
The adder poisons you!
You feel sick. The adder closely misses you.
You feel sick.
You feel sick. The adder bites you but does no damage.
You hit the adder.
The adder is almost dead.
You feel sick. The adder bites you but does no damage.
The adder barely misses you.
You miss the adder.
The adder is severely wounded.
You feel sick. The adder bites you.
* * * LOW HITPOINT WARNING * * *
The orc priest mumbles some strange prayers to Beogh against you.
Beogh smites you!
You die...

.....# ##.###.........# ...
.....########.#...........##.....
................########.........
.....########.######.....####....
.....# #.###....##### .. .....#
#.....#### .....###########†##
..).......##.....#
.(...####..#.###@# ##....#
##....##S# ###...######...#o#
###### .........##......####....#
.................o..o....#
.........#.........##....#
..(..................##..###
#####..................#÷..##
...Z#..)..#......#..........####


You could see an orc priest, an adder and an orc.

Vanquished Creatures
  Jessica (D:2)
  2 adders (D:2)
  A shadow imp (D:2)
  An ooze (D:1)
  6 dart slugs
  A leopard gecko (D:3)
  8 giant cockroaches
  5 goblins
  8 hobgoblins
  5 kobolds
  A quokka (D:2)
  3 bats
  5 frilled lizards
  3 rats
50 creatures vanquished.

Notes
Turn   | Place    | Note
-------+----------+-------------------------------------------
     0 | D:1      | Elkator the Barachi Skald began the quest for the Orb.
     0 | D:1      | Reached XP level 1. HP: 17/17 MP: 3/3
   145 | D:1      | Reached XP level 2. HP: 19/23 MP: 1/5
   257 | D:1      | Learned a level 2 spell: Song of Slaying
   484 | D:1      | Reached XP level 3. HP: 25/28 MP: 3/6
   669 | D:2      | Reached skill level 4 in Charms
   989 | D:2      | Reached XP level 4. HP: 26/34 MP: 7/7
  1286 | D:2      | Noticed Jessica
  1293 | D:2      | Killed Jessica
  1406 | D:3      | Found a runed translucent gate.
  1406 | D:3      | Noticed Thantalas's ghost (amateur MiBe)
  1407 | D:3      | Found a runed translucent gate.
  1569 | D:3      | Found a runed translucent gate.
  1667 | D:3      | Reached XP level 5. HP: 40/40 MP: 9/9
  1741 | D:3      | Killed from afar by an orc priest

Skill      XL: |  1  2  3 |
---------------+----------+-----
Charms         | 4 |  4.2
Long Blades    | 3 |  3.7
Armour         | 2 |  2.4
Fighting       | |  2.8
Dodging        | |  2.6
Spellcasting   | |  2.6

Action                   |  1- 3 |  4- 6 || total
-------------------------+-------+-------++-------
Melee: Falchion          |   127 |    82 ||   209
 Cast: Infusion          |     4 |       ||     4
       Song of Slaying   |     3 |     4 ||     7
  Use: Scroll            |       |     3 ||     3
  Eat: Chunk             |     1 |     3 ||     4
Armor: Leather armour    |    31 |    23 ||    54
       Chain mail        |    10 |       ||    10
Dodge: Dodged            |    86 |    56 ||   142
       Rpst.: Falchion   |    24 |    17 ||    41
